 Dungeon Crawl Stone Soup version 0.29-a0-43-g62a80824bf (webtiles) character file.

Game seed: 14741156370648877195

7 senseless the Scratcher (level 1, 10/10 HPs)
             Began as a Felid Fighter on Feb 2, 2022.
             Was a Follower of Zin.
             Quit the game on level 1 of the Dungeon.
             The game lasted 00:00:40 (407 turns).

senseless the Scratcher (Felid Fighter)              Turns: 407, Time: 00:00:40

Health: 10/10      AC:  1    Str: 12    XL:     1   Next: 91%
Magic:  2/2        EV: 18    Int:  9    God:    Zin [*.....]
Gold:   16         SH:  0    Dex: 15    Spells: 0/0 levels left
                                        Lives:  0   Deaths: 0

rFire   . . .      SeeInvis +     - Unarmed
rCold   . . .      Faith    .   (shield unavailable)
rNeg    . . .      Spirit   .   (armour unavailable)
rPois   .          Reflect  .   (helmet unavailable)
rElec   .          Harm     .   (cloak unavailable)
rCorr   .          Rampage  .   (gloves unavailable)
Will    .....                   (boots unavailable)
Stlth   +.........              (no amulet)
HPRegen 0.03/turn               (no ring)
MPRegen 0.08/turn               (no ring)

@: quick
A: very small, claws 1, fangs 3, see invisible, speed 1, shaggy fur 1, stealthy
paws, no weapons or thrown items, no armour, multi-lived
a: Renounce Religion, Recite, Donate Gold


You were on level 1 of the Dungeon.
You worshipped Zin.
Zin was aware of your devotion.
You visited 1 branch of the dungeon, and saw 1 of its levels.

You collected 17 gold pieces.
You donated 1 gold pieces to Zin.

Inventory:

Jewellery
 b - a ring of willpower
Potions
 a - a potion of might


   Skills:
 + Level 3.1 Fighting
 + Level 4.1 Dodging
 + Level 4.3 Unarmed Combat


You couldn't memorise any spells.
You didn't know any spells.
Your spell library was empty.

Dungeon Overview and Level Annotations

Branches:
Dungeon (1/15)

Altars:
Zin

Shops:
D:1 =


Innate Abilities, Weirdness & Mutations

You have sharp claws.
You have razor-sharp teeth.
You have supernaturally acute eyesight. (SInv)
You cover ground quickly. (Speed+)
You are covered in fur. (AC +1)
Your paws help you pounce on unaware monsters.
You are incapable of wielding weapons or throwing items.
You cannot wear armour.
You gain extra lives every three experience levels.


Message History

The frilled lizard misses you.
You scratch the frilled lizard.
You kill the frilled lizard!
You closely miss the frilled lizard. The frilled lizard closely misses you.
The frilled lizard misses you.
You closely miss the frilled lizard. Your bite misses the frilled lizard.
The frilled lizard bites you. The frilled lizard barely misses you.
You miss the frilled lizard. Your bite misses the frilled lizard.
The frilled lizard barely misses you. The frilled lizard closely misses you.
You scratch the frilled lizard.
You kill the frilled lizard!
The frilled lizard bites you.
You are too injured to fight recklessly!
You are too injured to fight recklessly!
You scratch the frilled lizard.
You kill the frilled lizard!
The frilled lizard bites you.
You scratch the frilled lizard.
You kill the frilled lizard!
You claw the frilled lizard!
You kill the frilled lizard!
HP restored.
Things that are here:
a frilled lizard corpse; a frilled lizard corpse You enter the shallow water.
Moving in this stuff is going to be slow.
Found a faded altar of an unknown god.
You enter the shallow water.
Moving in this stuff is going to be slow.
Things that are here:
a frilled lizard skeleton; a frilled lizard skeleton You open the door.
There is an open door here.
There is a faded altar of an unknown god here.
You cannot tell which god this altar belongs to.
Convert to them anyway?
Zin accepts your prayer! Zin welcomes you!
You pay a tithe of 1 gold.
You can now donate money to Zin.
You can now recite Zin's Axioms of Law.
Are you sure you want to abandon this character and quit the game? (Confirm with "yes".)

...#...............#....≈≈≈≈≈..
...#...............###..≈≈≈≈≈..
....##+##.........####...≈≈≈...
)............≈....#≈##.........
............≈≈....≈≈≈≈.....###
...........≈≈≈≈...≈≈≈≈.....###.
...........≈≈≈##'##≈≈≈≈........
..........≈≈≈≈#...#≈≈≈≈........
..........≈≈≈≈#.@.#≈≈≈≈..##....
..........≈≈≈≈#...#≈≈≈≈..# ....
....##.##.≈≈≈≈#####≈≈≈#### ...
....+ .....≈≈ ≈≈≈≈≈≈≈.. . ....#
.###..≈ ≈≈≈≈≈≈≈.. ..### .# #..
≈≈≈≈≈≈≈... ..# .. #≈≈≈≈.. ..#
.. #..... ..#


There were no monsters in sight!

Vanquished Creatures
  A goblin (D:1)
  9 frilled lizards (D:1)
10 creatures vanquished.

Notes
Turn   | Place    | Note
-------+----------+-------------------------------------------
     0 | D:1      | senseless the Felid Fighter began the quest for the Orb.
     0 | D:1      | Reached XP level 1. HP: 10/10 MP: 2/2
    95 | D:1      | Found Noosury's Jewellery Boutique.
   381 | D:1      | Found a faded altar of an unknown god.
   406 | D:1      | Prayed at the altar of an unknown god.
   406 | D:1      | Became a worshipper of Zin the Law-Giver
   406 | D:1      | Reached * piety under Zin
   407 | D:1      | Quit the game

Illustrated notes

Levels and vault maps discovered:
D:1:      nagdon_arrival_double_spiral, layout_basic,
          nicolae_ecumenical_lake_church, serial_shops, shop,
          serial_bayou_pond_a, minmay_lizard_pond

Action                   || total
-------------------------++-------
Melee: Unarmed           ||    14
       Bite              ||     1
Dodge: Dodged            ||     6

Table legend: (Time is in decaauts)
 A = Elapsed time spent in this place.
 B = Non-inter-level travel time spent in this place.
 C = Inter-level travel time spent in this place.
 D = Time resting spent in this place.
 E = Time spent auto-exploring this place.
 F = Levels seen in this place.
 G = Mean time per level.
                   A        B        C        D        E       F      G
               +--------+--------+--------+--------+--------+-----+--------+
         Total |    402 |    402 |      0 |      0 |    352 |   1 |  402.0 |
       Dungeon |    402 |    402 |      0 |      0 |    352 |   1 |  402.0 |
               +--------+--------+--------+--------+--------+-----+--------+

Top non-repeatable levels by time:
     D:1: 402 daAuts
